 Dungeon Crawl Stone Soup version 0.21-a0-442-g848f44b (webtiles) character file.

8646 nikopol the Thaumaturge (level 11, -2/56 HPs)
             Began as a Deep Elf Fire Elementalist on Nov 14, 2017.
             Was an Elder of Sif Muna.
             Slain by a spiny frog (21 damage)
             ... on level 1 of the Lair of Beasts.
             The game lasted 00:50:45 (11722 turns).

nikopol the Thaumaturge (DEFE)                     Turns: 11722, Time: 00:50:46

Health: -2/56      AC:  5    Str:  5    XL:     11   Next: 12%
Magic:  1/29       EV: 14    Int: 24    God:    Sif Muna [****..]
Gold:   528        SH:  0    Dex: 15    Spells: 24/35 levels left

rFire    + . .     SeeInvis .   B - staff of fire
rCold    + . .     Gourm    .   (no shield)
rNeg     . . .     Faith    .   a - +0 robe
rPois    .         Spirit   .   G - +1 hat
rElec    .         Reflect  .   K - +1 cloak
rCorr    .         Harm     .   (no gloves)
MR       ++...                  (no boots)
Stlth    +++.......             (no amulet)
HPRegen  0.18/turn              L - ring of protection from cold
MPRegen  0.21/turn              E - ring of protection from magic

@: no status effects
A: no striking features
a: Divine Energy, Channel Magic, Forget Spell, Renounce Religion


You were on level 1 of the Lair of Beasts.
You worshipped Sif Muna.
Sif Muna was greatly pleased with you.
You were hungry.

You visited 3 branches of the dungeon, and saw 12 of its levels.

You collected 528 gold pieces.

Inventory:

Armour
 a - a +0 robe (worn)
 G - a +1 hat (worn)
 K - a +1 cloak (worn)
Magical Staves
 B - an uncursed staff of fire (weapon)
Jewellery
 s - a +2 ring of evasion
 E - a ring of protection from magic (right hand)
 L - a ring of protection from cold (left hand)
Wands
 d - a wand of scattershot (6/9)
 D - a wand of polymorph (9/24)
 I - a wand of paralysis (12/24)
 J - a wand of disintegration (13/24)
 M - a wand of digging (17/24)
Scrolls
 e - 2 scrolls of amnesia {unknown}
 i - a scroll of immolation {unknown}
 k - 8 scrolls of remove curse {unknown}
 m - 3 scrolls of magic mapping {unknown}
 o - a scroll of identify
 p - a scroll of random uselessness {unknown}
 q - 2 scrolls of silence {unknown}
 w - 9 scrolls of teleportation {unknown}
 x - a scroll of enchant armour {unknown}
 y - a scroll of fear {unknown}
 H - a scroll of fog {unknown}
Potions
 f - 2 potions of might
 g - a potion of cancellation {unknown}
 h - 2 potions of brilliance
 n - 3 potions of flight
 r - 3 potions of ambrosia
 u - 4 potions of curing
 v - a potion of lignification
 z - a potion of invisibility
 A - a potion of magic
 C - 2 potions of haste
 F - 2 potions of mutation
Books
 b - a book of Flames

   Spells                             Type                      Level
   a - Flame Tongue                   Conjuration/Fire             1
   b - Throw Flame                    Conjuration/Fire             2
   c - Conjure Flame                  Conjuration/Fire             3
   d - Inner Flame                    Hexes/Fire                   3
   e - Sticky Flame                   Conjuration/Fire             4
   f - Fireball                       Conjuration/Fire             5
Comestibles
 c - 6 bread rations
 j - 11 royal jellies
 l - 6 meat rations
 t - 2 fruits


   Skills:
 + Level 1.1 Fighting
 + Level 4.1 Dodging
 + Level 5.1 Stealth
 + Level 12.8 Spellcasting
 + Level 10.1 Conjurations
 + Level 11.1 Fire Magic


You had 24 spell levels left.
You knew the following spells:

 Your Spells              Type           Power        Failure   Level  Hunger
a - Flame Tongue          Conj/Fire      #####        1%          1    None
b - Throw Flame           Conj/Fire      ######       1%          2    None
c - Conjure Flame         Conj/Fire      #######.     1%          3    None
d - Fireball              Conj/Fire      #######...   1%          5    ###....


Dungeon Overview and Level Annotations

Branches:
Dungeon (10/15)            Temple (1/1) D:4            Lair (1/6) D:9
    Orc: D:9-12

Altars:
Ashenzari
Cheibriados
Dithmenos
Elyvilon
Fedhas
Gozag
Hepliaklqana
Kikubaaqudgha
Makhleb
Nemelex Xobeh
Okawaru
Qazlal
Sif Muna
Trog
Uskayaw
Vehumet
Wu Jian
Xom
Yredelemnul
Zin
The Shining One

Shops:
D:8 %   D:10 *

Annotations:
D:9 2 transporters
Lair:1 Fannar


Message History

You feel a surge of power!
The flame tongue hits the black mamba.
The black mamba is lightly wounded.
You feel sick.
The black mamba is engulfed in blazing flames.
The black mamba bites you!
The black mamba is engulfed in blazing flames.
The black mamba closely misses you.
Fannar the Cold-Hearted comes into view.
He is wielding a quarterstaff of freezing.
You feel sick.
The black mamba is engulfed in blazing flames.
The black mamba bites you but does no damage.
The spiny frog closely misses you.
The black mamba is engulfed in blazing flames.
The black mamba bites you!
* * * LOW HITPOINT WARNING * * *
You see here a scroll labeled DUDOEGUID.
You feel better.
The black mamba is engulfed in blazing flames.
The black mamba bites you. The spiny frog stings you!!
You die...

#### #.8.## ...)..#
..8.)e.## ###### #)...##
.....# #.F.## .....#
####S@..# .....##
#.....#...##......#
........[...+ ....
..>..8.....8#.....
..................
#...#.#.......>.........
#######...#....≈≈≈≈≈≈...
##.....##.≈≈≈≈≈≈≈≈.#
#...#####.≈≈≈≈≈≈≈≈.#


You could see Fannar, a black mamba and a spiny frog.

Vanquished Creatures
  A hydra (D:10)
  Erica (Lair:1)
  A two-headed ogre (D:8)
  Pikel (D:4)
  Maurice (D:8)
  An elephant (D:9)
  Joseph (D:9)
  2 hippogriffs
  The ghost of nikopol the Magician, an amateur DEFE (D:4)
  Eustachio (D:6)
  A yak (D:9)
  A basilisk (D:9)
  A hungry ghost (D:9)
  Edmund (D:6)
  An orc warrior (D:10)
  4 ice beasts
  2 sky beasts
  2 slaves (D:4)
  An eye of draining (D:9)
  3 phantoms
  3 ogres
  4 centaurs
  2 crocodiles (D:9)
  A big kobold (D:9)
  5 bullfrogs
  A water moccasin zombie (D:8)
  5 scorpions
  7 jellies
  2 howler monkeys (D:5)
  A bullfrog zombie (D:9)
  A centaur skeleton (D:5)
  A gnoll shaman (D:6)
  4 orc priests
  Crazy Yiuf (D:2)
  5 hounds
  4 bullfrog skeletons
  2 iguanas
  Jessica (D:3)
  Ijyb (D:5)
  Natasha (thrice) (D:3)
  3 orc wizards
  8 worker ants
  A hound skeleton (D:10)
  7 gnolls
  14 adders
  3 shadow imps
  7 oozes
  4 worms (D:3)
  2 dart slugs
  3 leopard geckos
  17 orcs
  7 bats
  A bat zombie (D:8)
  2 giant cockroaches
  8 goblins
  15 hobgoblins
  10 jackals
  7 quokkas
  5 ball pythons
  2 frilled lizards (D:1)
  12 kobolds
  A quokka skeleton (D:6)
  7 rats
  2 rat zombies (D:8)
230 creatures vanquished.

Notes
Turn   | Place    | Note
-------+----------+-------------------------------------------
     0 | D:1      | nikopol the Deep Elf Fire Elementalist began the quest for the Orb.
     0 | D:1      | Reached XP level 1. HP: 10/10 MP: 6/6
    59 | D:1      | Reached XP level 2. HP: 15/15 MP: 1/8
   550 | D:1      | Reached XP level 3. HP: 14/19 MP: 0/9
   558 | D:1      | Learned a level 2 spell: Throw Flame
   562 | D:1      | Learned a level 3 spell: Conjure Flame
  1718 | D:2      | Reached XP level 4. HP: 24/24 MP: 9/11
  1849 | D:2      | Found a runed door.
  1853 | D:2      | Noticed Crazy Yiuf
  1861 | D:2      | Killed Crazy Yiuf
  1979 | D:2      | Reached skill level 4 in Spellcasting
  2303 | D:3      | Reached XP level 5. HP: 28/28 MP: 6/13
  2381 | D:3      | Noticed Natasha
  2389 | D:3      | Killed Natasha
  2645 | D:3      | Noticed Natasha
  2650 | D:3      | Killed Natasha
  2650 | D:3      | Reached skill level 5 in Fire Magic
  2665 | D:3      | Noticed Natasha
  2919 | D:2      | Learned a level 5 spell: Fireball
  3035 | D:3      | Noticed Jessica
  3039 | D:3      | Killed Jessica
  3039 | D:3      | Reached skill level 5 in Spellcasting
  3247 | D:3      | Killed Natasha
  3247 | D:3      | Reached XP level 6. HP: 27/32 MP: 3/15
  4022 | D:4      | Reached skill level 6 in Spellcasting
  4022 | D:4      | Reached XP level 7. HP: 37/37 MP: 10/18
  4543 | D:4      | Found a staircase to the Ecumenical Temple.
  4552 | Temple   | Entered the Ecumenical Temple
  4617 | Temple   | Became a worshipper of Sif Muna the Loreminder
  4739 | D:4      | Noticed nikopol's ghost (amateur DEFE)
  4755 | D:4      | Killed nikopol's ghost
  4755 | D:4      | Reached skill level 7 in Spellcasting
  5143 | D:4      | Noticed Pikel
  5155 | D:4      | Killed Pikel
  5155 | D:4      | Reached * piety under Sif Muna
  5155 | D:4      | Reached skill level 8 in Spellcasting
  5155 | D:4      | Reached skill level 5 in Conjurations
  5155 | D:4      | Reached XP level 8. HP: 42/42 MP: 12/22
  5286 | D:5      | Entered Level 5 of the Dungeon
  5659 | D:5      | Noticed Ijyb
  5667 | D:5      | Reached skill level 9 in Spellcasting
  5672 | D:5      | Killed Ijyb
  6313 | D:6      | Reached XP level 9. HP: 46/46 MP: 18/24
  6679 | D:6      | Noticed Edmund
  6695 | D:6      | Killed Edmund
  7034 | D:6      | Noticed Eustachio
  7045 | D:6      | Killed Eustachio
  7045 | D:6      | Reached ** piety under Sif Muna
  7371 | D:7      | Reached skill level 1 in Fighting
  7371 | D:7      | Reached skill level 10 in Spellcasting
  8367 | D:8      | Noticed Maurice
  8520 | D:8      | Noticed a two-headed ogre
  8531 | D:8      | Killed a two-headed ogre
  8531 | D:8      | Reached *** piety under Sif Muna
  8531 | D:8      | Reached skill level 11 in Spellcasting
  8533 | D:8      | Killed Maurice
  8533 | D:8      | Reached XP level 10. HP: 51/52 MP: 3/27
  8822 | D:8      | Found Upeshrist's Food Shoppe.
  9006 | D:8      | Found an ancient bone altar of Kikubaaqudgha.
  9043 | D:9      | Noticed an elephant
  9067 | D:8      | Reached skill level 10 in Fire Magic
  9441 | D:9      | Noticed Joseph
  9470 | D:9      | Killed Joseph
  9470 | D:9      | Reached skill level 5 in Stealth
  9645 | D:9      | Found a transporter.
  9675 | D:9      | Found a staircase to the Lair.
  9898 | D:9      | Reached **** piety under Sif Muna
  9967 | D:9      | Reached skill level 12 in Spellcasting
 10069 | D:9      | Killed an elephant
 10338 | D:9      | Found a transporter.
 10745 | D:10     | Entered Level 10 of the Dungeon
 10797 | D:10     | Found an opulent altar of Gozag.
 10797 | D:10     | Found Gozag's Platinum Reserve.
 11318 | D:10     | Noticed a four-headed hydra
 11322 | D:10     | Killed a four-headed hydra
 11322 | D:10     | Reached XP level 11. HP: 56/56 MP: 11/29
 11685 | Lair:1   | Entered Level 1 of the Lair of Beasts
 11715 | Lair:1   | Noticed Erica
 11719 | Lair:1   | Killed Erica
 11719 | Lair:1   | Reached skill level 10 in Conjurations
 11721 | Lair:1   | Noticed Fannar
 11722 | Lair:1   | Slain by a spiny frog

Vault maps used:
D:1:      dpeg_arrival_boxes_within_box
D:2:      uniq_crazy_yiuf_cottage
D:3:      kennysheep_jessica_study, uniq_natasha
D:4:      minmay_temple_entry_poolview, uniq_pikel
D:5:      first_bread, uniq_ijyb
D:6:      grunt_ministairs_8, uniq_edmund, uniq_eustachio
D:8:      lemuel_zombie_altar_kikubaaqudgha, serial_shops, shop, uniq_maurice
D:9:      gammafunk_steamed_eel, david_lair_generic, uniq_joseph
D:10:     columned_hall_lemuel, hangedman_little_slice_of_home,
          nicolae_gozag_zags_fifth_avenue
Temple:   regret_index_temple_sigil_plot
Lair:1:   minmay_lair_oklob_items, grunt_megastairs_5,
          infiniplex_staircase_pool, uniq_erica, uniq_sonja, uniq_fannar,
          uniq_gastronok

Skill      XL: |  1  2  3  4  5  6  7  8  9 10 11 |
---------------+----------------------------------+-----
Fire Magic     | 4 5 7 9 10 11 | 11.1
Conjurations   | 2 3 5 6 8 9 10 | 10.1
Stealth        | 3 4 5 |  5.1
Spellcasting   | 4 5 6 8 9 11 12 | 12.8
Dodging        | 3 4 |  4.1
Fighting       | 1 |  1.1

Action                   |  1- 3 |  4- 6 |  7- 9 | 10-12 || total
-------------------------+-------+-------+-------+-------++-------
Melee: Dagger            |     3 |       |    11 |       ||    14
       Staff             |       |       |     1 |       ||     1
 Cast: Flame Tongue      |    59 |   120 |   218 |   113 ||   510
       Throw Flame       |       |    18 |    38 |    31 ||    87
       Conjure Flame     |       |     2 |    15 |     8 ||    25
       Fireball          |       |       |    11 |    30 ||    41
  Use: Scroll            |     2 |       |     3 |    10 ||    15
       Potion            |     1 |       |     2 |     1 ||     4
  Eat: Chunk             |     2 |     7 |    14 |    10 ||    33
       Fruit             |       |       |     1 |     2 ||     3
       Royal jelly       |       |       |       |     1 ||     1
Armor: Robe              |     8 |     8 |    15 |    12 ||    43
Dodge: Dodged            |    23 |    37 |    43 |    67 ||   170

Table legend:
 A = Spawn XP
 B = Non-spawn XP
 C = Spawn XP percentage of total XP
 D = Spawn monster count
 E = Non-spawn monster count
 F = Spawn count percentage of total count
 G = Total turns spent on level
                    A         B        C        D         E        F      G
               +---------+---------+-------+---------+---------+-------+---------
         Total |       0 |   12352 |   0.0 |       0 |     228 |   0.0 | 11722
               +---------+---------+-------+---------+---------+-------+---------
           D:1 |       0 |      48 |   0.0 |       0 |      25 |   0.0 |  1014
           D:2 |       0 |     149 |   0.0 |       0 |      20 |   0.0 |  1535
           D:3 |       0 |     305 |   0.0 |       0 |      39 |   0.0 |  1273
           D:4 |       0 |    1551 |   0.0 |       0 |      28 |   0.0 |  1405
           D:5 |       0 |     738 |   0.0 |       0 |      19 |   0.0 |  1010
           D:6 |       0 |     533 |   0.0 |       0 |      13 |   0.0 |   915
           D:7 |       0 |     647 |   0.0 |       0 |      10 |   0.0 |   982
           D:8 |       0 |    2287 |   0.0 |       0 |      16 |   0.0 |  1136
           D:9 |       0 |    3011 |   0.0 |       0 |      30 |   0.0 |  1465
          D:10 |       0 |    1912 |   0.0 |       0 |      26 |   0.0 |   875
        Lair:1 |       0 |    1171 |   0.0 |       0 |       2 |   0.0 |    37
               +---------+---------+-------+---------+---------+-------+---------
